 Dungeon Crawl Stone Soup version 0.22.1-1-ga44c0e5 (webtiles) character file.

43366 teukkam the Protected (level 13, 0/98 HPs)
             Began as a Minotaur Berserker on Oct 22, 2018.
             Was a High Priest of Trog.
             Succumbed to a water moccasin's poison
             ... on level 6 of the Lair of Beasts on Oct 26, 2018.
             The game lasted 01:46:13 (19305 turns).

teukkam the Protected (Minotaur Berserker)         Turns: 19305, Time: 01:46:14

Health: 0/98       AC: 27    Str: 28 (30) XL:     13   Next: 90%
Magic:  20/20      EV:  5    Int:  4      God:    Trog [*****.]
Gold:   936        SH: 21    Dex:  9 (10) Spells: 12/12 levels left

rFire    + . .     SeeInvis +   a - +8 scimitar of Abbeda {speed, rN+ Str+5 Dex-2}
rCold    + . .     Gourm    .   o - +0 large shield
rNeg     + . .     Faith    +   I - +1 plate armour of the Black Moon {+Fly rElec SInv}
rPois    +         Spirit   .   (helmet restricted)
rElec    +         Reflect  .   y - scarf {repulsion}
rCorr    +         Harm     .   s - +2 pair of gloves
MR       .....                  (no boots)
Stlth    ..........             G - amulet of faith
HPRegen  0.26/turn              S - +2 ring of protection
MPRegen  0.17/turn              v - +2 ring of protection

@: lethally poisoned (0 -> -1), resistant, berserk cooldown, slowed, repel
missiles, very slow
A: retaliatory headbutt, horns 2, large bone plates 1, molten scales 1, rugged
brown scales 1, deterioration 1, high mp 1
a: Berserk, Trog's Hand, Brothers in Arms, Renounce Religion, Evoke Flight


You were on level 6 of the Lair of Beasts.
You worshipped Trog.
Trog was extremely pleased with you.
You were very hungry.

You visited 3 branches of the dungeon, and saw 20 of its levels.
You also visited: Bailey.

You collected 1512 gold pieces.
You spent 576 gold pieces at shops.

Inventory:

Hand Weapons
 a - the +8 scimitar of Abbeda (weapon) {speed, rN+ Str+5 Dex-2}
   (You bought it in a shop on level 11 of the Dungeon)

   Attacks with this weapon are significantly faster.
   It affects your strength (+5).
   It affects your dexterity (-2).
   It protects you from negative energy.
 b - the +11 hunting sling "Ohoretsu" {venom, rC+ rN+ SInv}
   (You found it on level 4 of the Lair of Beasts)

   It poisons the ammo it fires.
   It protects you from cold.
   It protects you from negative energy.
   It lets you see invisible.
 c - the +2 long sword of Inconvenience {flame, +Rage}
   (You found it on level 3 of the Lair of Beasts)

   It has been specially enchanted to burn those struck by it, causing extra
   injury to most foes and up to half again as much damage against particularly
   susceptible opponents.
   Big, fiery blades are also staple armaments of hydra-hunters.
   It lets you go berserk.
 k - the +8 longbow "Jauxicad" {speed, Str-4 Int+3 Dex+4 Stlth+}
   (Trog gifted it to you on level 5 of the Lair of Beasts)

   Attacks with this weapon are significantly faster.
   It affects your strength (-4).
   It affects your intelligence (+3).
   It affects your dexterity (+4).
   It makes you more stealthy.
 p - a +0 hand crossbow
 A - a +8 hunting sling of flaming
 H - the +1 spear of Nuneas {pain, Str+5 Dex-3}
   (You found it on level 5 of the Dungeon)

   In the hands of one skilled in necromantic magic, it inflicts extra damage on
   living creatures.
   It affects your strength (+5).
   It affects your dexterity (-3).
 K - a +0 war axe
 T - a +0 blowgun
 W - a +0 dagger of holy wrath
 Z - the +1 quarterstaff of the Moon {crush, rElec rF+ Int+4 Dex+3}
   (You bought it in a shop on level 11 of the Dungeon)

   It inflicts extra damage upon your enemies.
   It affects your intelligence (+4).
   It affects your dexterity (+3).
   It protects you from fire.
   It insulates you from electricity.
Missiles
 h - 282 arrows
 i - 386 stones
 r - 124 sling bullets
 t - 34 tomahawks of returning (quivered)
 u - 8 javelins of penetration
 x - 28 poisoned needles
 E - 2 exploding tomahawks
 R - 62 bolts
 U - 9 tomahawks
Armour
 o - a +0 large shield (worn)
 s - a +2 pair of gloves (worn)
 y - a scarf of repulsion (worn)
 I - the +1 plate armour of the Black Moon (worn) {+Fly rElec SInv}
   (You found it on level 5 of the Dungeon)

   It insulates you from electricity.
   It lets you see invisible.
   It lets you fly.
Magical Staves
 M - an uncursed staff of power
 V - an uncursed staff of fire
Jewellery
 e - an uncursed ring of magical power
 f - an uncursed ring of fire
 m - an uncursed ring of resist corrosion
 v - a +2 ring of protection (right hand)
 D - an uncursed ring of see invisible
 G - an amulet of faith (around neck)
 L - an uncursed ring of fire
 S - a +2 ring of protection (left hand)
Wands
 g - a wand of iceblast (12)
 C - a wand of flame (27)
 X - a wand of random effects (8)
 Y - a wand of disintegration (13)
Scrolls
 d - 3 scrolls of fog
 j - 12 scrolls of identify
 l - 7 scrolls of teleportation
 B - 5 scrolls of remove curse
 J - a scroll of enchant weapon
 N - a scroll of magic mapping
 Q - a scroll of fear
Potions
 w - a potion of haste
 F - 4 potions of agility
 O - a potion of resistance
 P - 2 potions of berserk rage
Miscellaneous
 q - a lamp of fire
Comestibles
 z - 36 rations


   Skills:
 - Level 4.2 Fighting
 - Level 6.0(8.9) Short Blades
 + Level 11.0(11.7) Long Blades
 - Level 4.2(6.6) Axes
 - Level 8.0(8.5) Polearms
 + Level 10.5 Slings
 - Level 8.8 Bows
 - Level 4.9 Crossbows
 - Level 12.8 Armour
 - Level 2.1 Dodging
 + Level 7.3 Shields
 - Level 9.3 Evocations


You had 12 spell levels left.
You didn't know any spells.
Your spell library contained the following spells:

 Spells                   Type           Power        Failure   Level  Hunger
 Beastly Appendage        Tmut           #.....       100%        1    ##.....
 Sticks to Snakes         Tmut           #.......     100%        2    ###....
 Conjure Flame            Conj/Fire      #.......     100%        3    ####...
 Ignite Poison            Fire/Tmut/Pois #.......     100%        3    ####...
 Spider Form              Tmut/Pois      #.........   100%        3    ####...
 Ice Form                 Ice/Tmut       #.......     100%        4    #####..
 Alistair's Intoxication  Tmut/Pois      #.......     100%        5    ######.
 Blade Hands              Tmut           #.........   100%        5    ######.
 Fireball                 Conj/Fire      #.........   100%        5    ######.


Dungeon Overview and Level Annotations

Branches:
Dungeon (13/15)            Temple (1/1) D:4            Lair (6/6) D:8
 Shoals (0/4) Lair:4        Snake (0/4) Lair:2          Orc (0/2) D:11
  Slime: Lair:5-6    Vaults: D:13-14

Altars:
Ashenzari
Cheibriados
Dithmenos
Elyvilon
Fedhas
Gozag
Hepliaklqana
Kikubaaqudgha
Makhleb
Nemelex Xobeh
Okawaru
Qazlal
Ru
Sif Muna
Trog
Uskayaw
Vehumet
Wu Jian
Xom
Yredelemnul
Zin
The Shining One

Shops:
D:9 :   D:11 (

Annotations:
Lair:3 exclusion: oklob plant


Innate Abilities, Weirdness & Mutations

You reflexively headbutt those who attack you in melee.
You have a pair of horns on your head.
You are partially covered in large bone plates. (SH +4)
You are partially covered in molten scales. (AC +2)
You are partially covered in rugged brown scales. (AC +1, +3% HP)
Your body sometimes deteriorates upon taking damage.
You have an increased reservoir of magic. (+10% MP)


Message History

* * * LOW HITPOINT WARNING * * *
You block the wolf's attack.
Okay, then.
You closely miss the wolf. Your headbutt misses the wolf.
The wolf is almost dead.
You block the wolf's attack. x2
You hit the wolf.
You kill the wolf!
Trog accepts your kill.
* * * LOW HITPOINT WARNING * * *
You feel sick. You block the wolf's attack. x2
You slash the wolf!
You kill the wolf!
Trog accepts your kill.
* * * LOW HITPOINT WARNING * * *
You feel sick.
You feel protected.
* * * LOW HITPOINT WARNING * * *
You feel sick.
You die...

.#. .P ###..#
..# ###...P#
...##......#
..........P#
..........##
......)....###.
......†@.......
.......<.......
..............P
............P..
............##P
...........P#
.....?......#
...........#.
..............


There were no monsters in sight!

Vanquished Creatures
  An ogre mage (D:10)
  3 hydras
  The ghost of Starchild the Demonic Aeon, a journeyman DsMo of Cheibriados (Lair:1)
  2 two-headed ogres
  Erica (D:9)
  Urug (Lair:6)
  3 unseen horrors
  An orc knight (Bailey)
  2 manticores
  A cyclops (D:12)
  9 black mambas
  3 elephants (Lair:6)
  A gargoyle (D:12)
  5 rime drakes
  15 spiny frogs
  6 komodo dragons
  A queen bee (D:11)
  2 polar bears
  5 trolls
  A hornet (D:10)
  Grinder (D:5)
  15 hippogriffs
  9 blink frogs
  2 shadows
  A wraith (D:10)
  15 yaks
  5 basilisks (Lair:4)
  7 wyverns
  4 hogs (D:7)
  A human (D:7)
  2 hungry ghosts (D:9)
  3 vampire mosquitoes (Lair:6)
  14 water moccasins
  Duvessa (D:4)
  6 porcupines
  6 orc warriors
  3 sky beasts
  5 ice beasts
  4 phantoms
  A black bear (D:7)
  3 ogres
  3 centaurs
  3 wolves (Lair:6)
  An eye of draining (D:12)
  A necrophage (D:7)
  10 crocodiles
  A big kobold (D:7)
  14 bullfrogs
  2 gnoll sergeants
  A water moccasin zombie (D:11)
  A wyvern zombie (D:9)
  Dowan (D:4)
  A wyvern skeleton (D:10)
  A scorpion (D:8)
  28 killer bees (D:11)
  2 water moccasin skeletons (D:7)
  3 wights (D:11)
  An electric eel (Lair:4)
  11 howler monkeys
  5 crimson imps
  3 bullfrog zombies
  A centaur zombie (D:10)
  A jelly (D:8)
  A bullfrog skeleton (D:9)
  A komodo dragon simulacrum (Lair:1)
  5 hounds
  A gnoll shaman (D:9)
  8 orc priests
  4 centaur skeletons
  4 iguanas
  Natasha (thrice) (D:3)
  10 orc wizards
  14 worker ants
  3 yak simulacra (Lair:1)
  A wolf simulacrum (Lair:1)
  A bullfrog simulacrum (Lair:1)
  2 hound zombies
  A porcupine simulacrum (Lair:1)
  A howler monkey skeleton (D:7)
  13 gnolls
  16 adders
  An ooze (D:1)
  An adder skeleton (D:8)
  3 worms
  A dart slug (D:1)
  8 leopard geckos
  67 orcs
  3 ball pythons
  2 giant cockroaches
  6 goblins
  9 hobgoblins
  14 jackals
  21 kobolds
  3 quokkas
  6 bats
  13 frilled lizards
  A quokka zombie (D:5)
  5 rats
  A fungus (Lair:5)
521 creatures vanquished.

Vanquished Creatures (others)
  9 fungi
  28 plants
37 creatures vanquished.

Grand Total: 558 creatures vanquished

Notes
Turn   | Place    | Note
-------+----------+-------------------------------------------
     0 | D:1      | teukkam the Minotaur Berserker began the quest for the Orb.
     0 | D:1      | Reached XP level 1. HP: 19/19 MP: 0/0
    83 | D:1      | Reached XP level 2. HP: 24/27 MP: 1/1
   363 | D:1      | Reached skill level 1 in Slings
   419 | D:1      | Reached ** piety under Trog
   419 | D:1      | Reached XP level 3. HP: 32/33 MP: 2/2
   845 | D:2      | Reached XP level 4. HP: 25/40 MP: 3/3
  1254 | D:3      | Reached skill level 1 in Short Blades
  1339 | D:3      | Found a stormy altar of Qazlal.
  1494 | D:3      | Reached *** piety under Trog
  1497 | D:3      | Reached XP level 5. HP: 39/46 MP: 4/4
  1637 | D:3      | Noticed Natasha
  1647 | D:3      | Killed Natasha
  1654 | D:3      | Found a shadowy altar of Dithmenos.
  1742 | D:3      | Noticed Natasha
  1752 | D:3      | Killed Natasha
  2039 | D:3      | Noticed Natasha
  2049 | D:3      | Killed Natasha
  2116 | D:5      | Entered Level 5 of the Dungeon
  2314 | D:4      | Noticed Duvessa
  2317 | D:4      | Killed Duvessa
  2317 | D:4      | Reached XP level 6. HP: 52/52 MP: 5/5
  2514 | D:5      | Noticed Grinder
  2518 | D:5      | Reached skill level 5 in Slings
  2534 | D:5      | Paralysed by Grinder for 5 turns
  2544 | D:5      | Killed Grinder
  2544 | D:5      | Reached XP level 7. HP: 28/59 MP: 6/6
  2734 | D:4      | Found a staircase to the Ecumenical Temple.
  2756 | D:4      | Reached skill level 5 in Short Blades
  2793 | D:4      | Noticed Dowan
  2799 | D:4      | Killed Dowan
  3266 | D:5      | Reached **** piety under Trog
  3310 | D:5      | Got a transparent spear
  3311 | D:5      | Identified the cursed +1 spear of Nuneas {pain, Str+5
                  | Dex-3} (You found it on level 5 of the Dungeon)
  3434 | D:5      | Got a transparent plate armour
  3446 | D:5      | Identified the +1 plate armour of the Black Moon {+Fly
                  | rElec SInv} (You found it on level 5 of the Dungeon)
  4046 | D:6      | Reached skill level 1 in Polearms
  4148 | D:6      | Reached skill level 3 in Armour
  4259 | D:6      | Reached XP level 8. HP: 66/66 MP: 7/7
  4291 | D:6      | Reached skill level 4 in Armour
  4344 | Temple   | Entered the Ecumenical Temple
  5039 | D:6      | Reached skill level 5 in Armour
  5083 | D:7      | Found a flagged portal.
  5090 | D:7      | Received a gift from Trog
  5101 | D:7      | Reached skill level 1 in Bows
  5120 | Bailey   | Entered a bailey
  5316 | Bailey   | Identified Sif Muna's Tome of Poison and the Volcanoes
  5416 | Bailey   | Noticed an orc knight
  5417 | Bailey   | Found a burning altar of Makhleb.
  5435 | Bailey   | Reached skill level 1 in Evocations
  5439 | Bailey   | Killed an orc knight
  5439 | Bailey   | Reached skill level 6 in Armour
  5439 | Bailey   | Reached XP level 9. HP: 43/71 MP: 7/9
  5762 | D:7      | Reached skill level 7 in Armour
  6086 | D:7      | Reached skill level 5 in Bows
  6094 | D:7      | Reached skill level 8 in Armour
  6274 | D:7      | Reached ***** piety under Trog
  6564 | D:8      | Received a gift from Trog
  6574 | D:8      | Reached skill level 5 in Evocations
  6574 | D:8      | Reached XP level 10. HP: 75/79 MP: 12/12
  6866 | D:8      | Found a staircase to the Lair.
  7226 | D:8      | Reached skill level 9 in Armour
  7709 | D:9      | Received a gift from Trog
  7841 | D:9      | Found Irea's Book Shop.
  7964 | D:9      | Noticed a two-headed ogre
  7978 | D:9      | Killed a two-headed ogre
  8382 | D:9      | Noticed Erica
  8387 | D:9      | Killed Erica
  8387 | D:9      | Reached skill level 10 in Armour
  8448 | D:10     | Entered Level 10 of the Dungeon
  8492 | D:10     | Reached skill level 1 in Long Blades
  8499 | D:10     | Received a gift from Trog
  8601 | D:10     | Noticed an ogre mage
  8612 | D:10     | Killed an ogre mage
  8612 | D:10     | Reached XP level 11. HP: 33/84 MP: 15/15
  9317 | D:11     | Found Taxoqut's Antique Weapon Emporium.
  9396 | D:11     | Noticed an unseen horror
  9402 | D:11     | Killed an unseen horror
  9468 | D:11     | Got a faintly glowing scale mail
  9490 | D:10     | Identified the cursed +1 scale mail "Koymip" {rC+ rCorr}
                  | (You found it on level 11 of the Dungeon)
  9598 | D:11     | Received a gift from Trog
  9778 | D:11     | Received a gift from Trog
  9782 | D:11     | Reached skill level 1 in Crossbows
  9885 | D:11     | Reached skill level 11 in Armour
 10008 | D:11     | Found a staircase to the Orcish Mines.
 10152 | D:11     | Bought a translucent scimitar for 288 gold pieces
 10157 | D:11     | Identified the +8 scimitar of Abbeda {speed, rN+ Str+5
                  | Dex-2} (You bought it in a shop on level 11 of the Dungeon)
 10194 | D:11     | Reached ****** piety under Trog
 10431 | Lair:1   | Entered Level 1 of the Lair of Beasts
 10607 | Lair:1   | Noticed Starchild's ghost (journeyman DsMo)
 11012 | D:12     | Reached skill level 5 in Long Blades
 11223 | D:11     | Bought a scorched quarterstaff for 288 gold pieces
 11237 | D:11     | Gained mutation: You have an increased reservoir of magic.
                  | (+10% MP) [potion of mutation]
 11237 | D:11     | Gained mutation: Your body sometimes deteriorates upon
                  | taking damage. [potion of mutation]
 11237 | D:11     | Gained mutation: Your flesh is cold resistant. (rC+)
                  | [potion of mutation]
 11237 | D:11     | Gained mutation: You are partially covered in molten
                  | scales. (AC +2) [potion of mutation]
 11239 | D:11     | Identified the +1 quarterstaff of the Moon {crush, rElec
                  | rF+ Int+4 Dex+3} (You bought it in a shop on level 11 of
                  | the Dungeon)
 11368 | D:11     | Received a gift from Trog
 11676 | D:11     | Reached skill level 5 in Polearms
 11956 | D:11     | Received a gift from Trog
 12384 | D:12     | Noticed an unseen horror
 12388 | D:12     | Killed an unseen horror
 12398 | D:12     | Reached XP level 12. HP: 91/91 MP: 18/18
 12627 | D:12     | Noticed a five-headed hydra
 12636 | D:12     | Killed a three-headed hydra
 12636 | D:12     | Received a gift from Trog
 12636 | D:12     | Reached skill level 12 in Armour
 12720 | D:12     | Noticed a two-headed ogre
 12732 | D:12     | Killed a two-headed ogre
 13303 | Lair:1   | Found a runed gate.
 13304 | Lair:1   | Found a runed gate.
 13305 | Lair:1   | Found a runed gate.
 13437 | Lair:1   | Killed Starchild's ghost
 13733 | Lair:1   | Lost mutation: Your body sometimes deteriorates upon taking
                  | damage. [potion of mutation]
 13733 | Lair:1   | Lost mutation: Your flesh is cold resistant. (rC+) [potion
                  | of mutation]
 13733 | Lair:1   | Gained mutation: You are partially covered in large bone
                  | plates. (SH +4) [potion of mutation]
 13733 | Lair:1   | Gained mutation: Your body sometimes deteriorates upon
                  | taking damage. [potion of mutation]
 13733 | Lair:1   | Gained mutation: You are partially covered in rugged brown
                  | scales. (AC +1, +3% HP) [potion of mutation]
 14602 | Lair:2   | Found a staircase to the Snake Pit.
 14863 | Lair:2   | Got a crude robe
 14876 | Lair:2   | Identified the +2 robe of Idaucij {rN+ rCorr Int-2 Slay+3}
                  | (You found it on level 2 of the Lair of Beasts)
 14876 | Lair:2   | Lost intelligence.
 15491 | Lair:4   | Got a translucent hunting sling
 15495 | Lair:5   | Identified the +11 hunting sling "Ohoretsu" {venom, rC+ rN+
                  | SInv} (You found it on level 4 of the Lair of Beasts)
 15925 | Lair:5   | Received a gift from Trog
 15926 | Lair:5   | Got a polished longbow {god gift}
 15932 | Lair:5   | Identified the +8 longbow "Jauxicad" {speed, Str-4 Int+3
                  | Dex+4 Stlth+} (Trog gifted it to you on level 5 of the Lair
                  | of Beasts)
 15982 | Lair:5   | Reached XP level 13. HP: 98/98 MP: 20/20
 16023 | Lair:5   | Reached skill level 1 in Shields
 16158 | Lair:6   | Entered Level 6 of the Lair of Beasts
 16176 | Lair:6   | Noticed Urug
 16608 | Lair:4   | Reached skill level 5 in Shields
 16609 | Lair:4   | Received a gift from Trog
 16616 | Lair:4   | Reached skill level 10 in Long Blades
 17145 | Lair:4   | Found a staircase to the Shoals.
 17565 | Lair:5   | Received a gift from Trog
 17722 | Lair:5   | Reached skill level 10 in Slings
 17939 | Lair:5   | HP: 4/98 [blink frog (11)]
 18414 | Lair:3   | Got an ivory long sword
 18416 | Lair:3   | Identified the cursed +2 long sword of Inconvenience
                  | {flame, +Rage} (You found it on level 3 of the Lair of
                  | Beasts)
 19291 | Lair:6   | Killed Urug
 19299 | Lair:6   | HP: 2/98 [wolf (7)]
 19304 | Lair:6   | HP: 1/98 [poisoned by a water moccasin]
 19305 | Lair:6   | Succumbed to a water moccasin's poison

Skill      XL: |  1  2  3  4  5  6  7  8  9 10 11 12 13 |
---------------+----------------------------------------+-----
Fighting       | 4 |  4.2
Axes           | 4 |  4.2
Slings         | 1 2 3 4 5 6 8 10 | 10.5
Short Blades   | 2 3 4 6 |  6.0
Polearms       | 2 4 5 8 |  8.0
Armour         | 3 6 8 10 11 12 | 12.8
Bows           | 3 6 8 |  8.8
Evocations     | 2 5 7 8 9 |  9.3
Long Blades    | 2 6 8 11 | 11.0
Crossbows      | 4 |  4.9
Shields        | 7 |  7.3
Dodging        | |  2.1

Action                   |  1- 3 |  4- 6 |  7- 9 | 10-12 | 13-15 || total
-------------------------+-------+-------+-------+-------+-------++-------
Melee: Hand axe          |    55 |       |       |       |       ||    55
       Dagger            |     3 |   102 |   238 |   137 |       ||   480
       Headbutt          |     1 |    11 |    44 |   127 |    69 ||   252
       Spear             |       |       |    16 |       |       ||    16
       Scimitar          |       |       |       |   481 |   274 ||   755
       Quarterstaff      |       |       |       |     4 |       ||     4
       War axe           |       |       |       |     3 |    34 ||    37
 Fire: Hunting sling     |    22 |    21 |    30 |    43 |    24 ||   140
       Shortbow          |       |       |    80 |    66 |       ||   146
       Hand crossbow     |       |       |       |    35 |       ||    35
       Fustibalus        |       |       |       |     1 |       ||     1
Throw: Tomahawk          |       |       |       |     6 |     2 ||     8
Invok: Berserk           |     1 |     3 |     6 |    16 |     4 ||    30
 Abil: Evoke Flight      |       |       |     3 |       |       ||     3
Evoke: Wand              |       |       |     3 |    30 |     6 ||    39
       Lamp of fire      |       |       |       |     1 |     1 ||     2
  Use: Scroll            |       |     4 |     7 |    14 |     4 ||    29
       Potion            |       |       |       |    22 |     4 ||    26
 Stab: Paralysed         |       |       |       |     2 |       ||     2
       Invisible         |       |       |       |     1 |       ||     1
  Eat: Chunk             |     1 |     5 |    10 |    12 |     4 ||    32
       Ration            |       |     1 |     2 |    11 |     3 ||    17
Armor: Animal skin       |     5 |       |       |       |       ||     5
       Leather armour    |     4 |    12 |       |       |       ||    16
       Scale mail        |       |    22 |    17 |       |       ||    39
       Plate armour      |       |       |   122 |   405 |   217 ||   744
Dodge: Dodged            |    47 |    60 |    82 |   194 |    63 ||   446
       Deflected         |       |       |       |     8 |       ||     8
Block: Shield            |       |       |       |    34 |       ||    34
       Large shield      |       |       |       |   132 |   389 ||   521
       Other             |       |       |       |     2 |       ||     2
       Rpst.: Scimitar   |       |       |       |    37 |    14 ||    51
